 Dungeon Crawl Stone Soup version 0.19-a0-835-gf140595 (webtiles) character file.

158 Implojin the Slasher (level 5, -3/45 HPs)
             Began as a Minotaur Fighter on June 30, 2016.
             Slain by an orc
             ... wielding a +0 hand axe
              (5 damage)
             ... on level 5 of the Dungeon.
             The game lasted 00:02:29 (359 turns).

Implojin the Slasher (Minotaur Fighter)              Turns: 359, Time: 00:02:30

Health: -3/45      AC:  7    Str: 21    XL:     5   Next: 16%
Magic:  4/4        EV:  6    Int:  5    God:
Gold:   33         SH:  0    Dex: 10    Spells: 0 memorised, 4 levels left

rFire  . . .     SeeInvis .     a - +0 long sword
rCold  . . .     Gourm    .     b - +0 scale mail
rNeg   . . .     Faith    .     c - +0 shield
rPois  .         Spirit   .     (helmet restricted)
rElec  .         Dismiss  .     (no cloak)
rCorr  .         Reflect  .     j - +0 pair of gloves
SustAt .         Harm     .     (no boots)
MR     .....                    (no amulet)
Stlth  ..........               (no ring)
                                (no ring)

@: confused, very heavily drained, not resistant to hostile enchantments,
extremely unstealthy
A: retaliatory headbutt, horns 2
a: no special abilities


You were on level 5 of the Dungeon.
You were not hungry.

You visited 1 branch of the dungeon, and saw 5 of its levels.

You collected 33 gold pieces.

Inventory:

Hand Weapons
 a - a +0 long sword (weapon)
Armour
 b - a +0 scale mail (worn)
 c - a +0 shield (worn)
 j - a +0 pair of gloves (worn)
Jewellery
 k - a cursed ring of teleportation {unknown}
Scrolls
 d - a scroll of teleportation {unknown}
 e - a scroll of identify {unknown}
 h - a scroll of enchant weapon {unknown}
 i - 2 scrolls of immolation {unknown}
Comestibles
 f - a bread ration
 g - a meat ration


   Skills:
 - Level 3.6(0.0) Fighting
 * Level 6.5(2.5) Long Blades
 - Level 3.6(0.0) Armour
 - Level 3.6(0.0) Shields


You had 4 spell levels left.
You didn't know any spells.

Dungeon Overview and Level Annotations

Branches:
Dungeon (5/15)
 Temple: D:4-7

Altars:

Shops:
D:4 ?


Innate Abilities, Weirdness & Mutations

You reflexively headbutt those who attack you in melee.
You have a pair of horns on your head.


Message History

You hear some strange, mumbled words.
A puff of flame appears from out of thin air!
The puff of flame hits you!
* * * LOW HITPOINT WARNING * * *
The orc barely misses you.
Unknown command.
You're too confused to move!
Something hits you.
* * * LOW HITPOINT WARNING * * *
You feel drained.
Unknown command.
You completely miss something. The orc hits you but does no damage.
Something hits you but does no damage.
You feel drained. The orc hits you but does no damage.
You hear some strange, mumbled words.
You are more confused.
You miss something. Something hits you but does no damage.
You feel drained. The orc barely misses you.
Unknown command.
You barely miss something. Your headbutt misses something.
Something hits you but does no damage.
You feel drained. The orc barely misses you.
You miss something. You headbutt something.
You hear some strange, mumbled words.
Something tries to affect you, but you resist.
The orc hits you with a hand axe.
* * * LOW HITPOINT WARNING * * *
Unknown command.
You hear some strange, mumbled words.
A puff of flame appears from out of thin air!
The puff of flame hits you!
* * * LOW HITPOINT WARNING * * *
The orc closely misses you.
You're too confused!
You aren't carrying any potions.
You closely miss something. Something hits you but does no damage.
You feel drained. The orc hits you but does no damage.
Something hits you but does no damage.
You feel drained.
Unknown command.
You bump into the rock wall.
The orc hits you with a hand axe.
You die...

#########
#.......#
+..>....#
#.......#
#.......#
#.......#
#.....).#
#..[..{o#
#.....@.#
#########


You could see an orc.

Vanquished Creatures
  A giant frog (D:3)
  A howler monkey (D:4)
  An adder (D:4)
  2 oozes (D:3)
  An adder skeleton (D:4)
  A worm (D:2)
  6 orcs
  A ball python (D:2)
  A bat (D:1)
  2 giant cockroaches
  2 goblins
  3 jackals (D:3)
  A kobold (D:3)
  3 rats
26 creatures vanquished.

Notes
Turn   | Place    | Note
--------------------------------------------------------------
     0 | D:1      | Implojin the Minotaur Fighter began the quest for the Orb.
     0 | D:1      | Reached XP level 1. HP: 19/19 MP: 0/0
   125 | D:2      | Reached skill level 3 in Long Blades
   127 | D:2      | Reached XP level 2. HP: 18/26 MP: 1/1
   147 | D:3      | Noticed a giant frog
   151 | D:3      | Killed a giant frog
   151 | D:3      | Reached skill level 5 in Long Blades
   151 | D:3      | Reached XP level 3. HP: 16/31 MP: 2/2
   151 | D:3      | Reached XP level 4. HP: 20/39 MP: 3/3
   245 | D:4      | Found Ojarphoty's Magic Scroll Shoppe.
   285 | D:4      | Reached skill level 6 in Long Blades
   285 | D:4      | Reached XP level 5. HP: 39/45 MP: 4/4
   332 | D:5      | Entered Level 5 of the Dungeon
   357 | D:5      | HP: 1/45 [something/puff of flame (8)]
   359 | D:5      | Slain by an orc

Vault maps used:
D:1:      dpeg_arrival_pond, nicolae_ashenzari_panopticon
D:3:      grunt_temple_overflow_open, first_bread
D:4:      serial_shops, shop_statue, uniq_edmund
D:5:      old_forge, makhleb_grotto_becter

Skill      XL: |  1  2  3  4 |
---------------+-------------+-----
Long Blades    | 3 5 6 |  6.5
Fighting       | |  3.6
Armour         | |  3.6
Shields        | |  3.6

Action                   |  1- 3 |  4- 6 || total
-------------------------+-------+-------++-------
Melee: Long sword        |    15 |    59 ||    74
       Headbutt          |     3 |     6 ||     9
  Use: Potion            |     1 |       ||     1
Armor: Scale mail        |     4 |    33 ||    37
Dodge: Dodged            |     4 |    14 ||    18
Block: Shield            |     5 |    22 ||    27

Table legend:
 A = Turns spent in this place as a percentage of turns spent in the entire game.
 B = Non-inter-level travel turns spent in this place as a percentage of non-inter-level travel turns spent in the entire game.
 C = Inter-level travel turns spent in this place as a percentage of turns spent in this place.
 D = Turns resting spent in this place as a percentage of non-inter-level travel turns spent in this place.
 E = Turns spent auto-exploring this place as a percentage of non-inter-level travel turns spent in this place.
 F = Non-inter-level travel turns spent in this place divided by the number of levels of this place that you've seen.
                   A       B       C       D       E      F
               +-------+-------+-------+-------+-------+----------------------
         Total | 100.0 | 100.0 |   0.0 |   0.0 |   0.0 |  74.8
       Dungeon | 100.0 | 100.0 |   0.0 |   0.0 |   0.0 |  74.8
               +-------+-------+-------+-------+-------+----------------------

Table legend:
 A = Kills in this place as a percentage of kills in entire the game.
 B = Kills by you in this place as a percentage of kills by you in the entire game.
 C = Kills by friends in this place as a percentage of kills by friends in the entire game.
 D = Other kills in this place as a percentage of other kills in the entire game.
 E = Experience gained in this place as a percentage of experience gained in the entire game.
 F = Experience gained in this place divided by the number of levels of this place that you have seen.
                   A       B       C       D       E      F
               +-------+-------+-------+-------+-------+----------------------
         Total | 100.0 | 100.0 |  -nan |  -nan | 100.0 |  45.4
       Dungeon | 100.0 | 100.0 |  -nan |  -nan | 100.0 |  45.4
               +-------+-------+-------+-------+-------+----------------------
